 Dungeon Crawl Stone Soup version 0.27.0-1-g7a089689b8 (console) character file.

Game seed: 17167286267330504751

919 jejorda2 the Skirmisher (level 8, -5/44 HPs)
             Began as a Vine Stalker Berserker on Aug 14, 2021.
             Was a Priest of Trog.
             Killed by nerve-wracking pain
             ... invoked by a shadow imp
             ... summoned by Eustachio
              (10 damage)
             ... on level 5 of the Dungeon.
             The game lasted 00:11:59 (5019 turns).

jejorda2 the Skirmisher (Vine Stalker Berserker)    Turns: 5019, Time: 00:11:59

Health: -5/44      AC: 15    Str: 22    XL:     8   Next: 9%
Magic:  0/9        EV:  7    Int:  7    God:    Trog [***...]
Gold:   218        SH:  0    Dex: 14    Spells: 7/7 levels left

rFire    . . .     SeeInvis .   a - +4 dagger
rCold    . . .     Faith    .   (no shield)
rNeg     . . .     Spirit   +   k - +1 plate armour
rPois    .         Reflect  .   j - +0 helmet
rElec    .         Harm     .   m - +0 cloak
rCorr    .         Rampage  .   (no gloves)
Will     +....                  (no boots)
Stlth    ..........             (no amulet)
HPRegen  1.14/turn              (no ring)
MPRegen  0.11/turn              (no ring)

@: on berserk cooldown, very slightly contaminated, slowed, invisible, very slow
A: fangs 3, regeneration 1, magic shield, antimagic bite, no potion heal 2
a: Renounce Religion, Berserk, Trog's Hand


You were on level 5 of the Dungeon.
You worshipped Trog.
Trog was most pleased with you.
You visited 1 branch of the dungeon, and saw 5 of its levels.
You also visited: Sewer.

You collected 218 gold pieces.

Inventory:

Hand Weapons
 a - a +4 dagger (weapon)
 b - a +0 dagger
 c - a +0 short sword
Missiles
 d - 176 stones (quivered)
 g - 21 poisoned darts
Armour
 j - a +0 helmet (worn)
 k - a +1 plate armour (worn)
 m - a +0 cloak (worn)
 n - a +0 buckler
Scrolls
 l - 2 scrolls of noise
Potions
 e - 8 potions of curing
 f - a potion of magic
 h - 2 potions of flight
 i - a potion of resistance


   Skills:
 * Level 5.5 Fighting
 * Level 5.5 Short Blades
 + Level 4.4 Armour
 - Level 1.5 Dodging


You had 7 spell levels left.
You didn't know any spells.
Your spell library was empty.

Dungeon Overview and Level Annotations

Branches:
Dungeon (5/15)              Sewer (visited)
 Temple: D:4-7

Altars:

Annotations:
D:3 2 transporters
D:5 Eustachio


Innate Abilities, Weirdness & Mutations

You have razor-sharp teeth.
Your natural rate of healing is unusually fast.
When hurt, damage is shared between your health and your magic reserves.
Your bite disrupts and absorbs the magic of your enemies.
Potions cannot restore your health.


Message History

Eustachio hits you with a +0 rapier.
You hit Eustachio. Your bite misses Eustachio.
Eustachio is severely wounded.
The shadow imp hits you.
The shadow imp hits you but does no damage.
The white imp gestures at you. The puff of frost hits you!
* * * LOW HITPOINT WARNING * * *
Eustachio hits you but does no damage.
Okay, then.
You fade into invisibility!
The shadow imp hits you but does no damage.
The shadow imp barely misses you. The white imp hits you.
The white imp freezes you.
* * * LOW HITPOINT WARNING * * *
Eustachio twirls his moustache.
Eustachio hits you with a +0 rapier.
* * * LOW HITPOINT WARNING * * *
The shadow imp hits you but does no damage.
You are very lightly contaminated with residual magic.
You puncture Eustachio! Your bite misses Eustachio.
Eustachio is almost dead.
The shadow imp barely misses you.
Eustachio falters for a moment.
The shadow imp hits you but does no damage.
You closely miss Eustachio. Your bite misses Eustachio.
Eustachio is almost dead.
The shadow imp disappears in a puff of smoke!
Eustachio hits you with a +0 rapier.
* * * LOW HITPOINT WARNING * * *
The shadow imp hits you but does no damage.
You closely miss Eustachio.
Eustachio is almost dead.
Eustachio closely misses you.
The shadow imp hits you but does no damage.
You hit Eustachio. Your bite misses Eustachio.
Eustachio is almost dead.
Eustachio barely misses you. The shadow imp gestures at you.
Pain shoots through your body!
You die...

..........................###...ยง
............##....##.....##....>.
.....................##... ....#.
..#.........#.......#. .. .....
###.........###.....#... . ...#
#.........$##.......## #.
##.#...........#...##
###...........#...#
###.....##5@#...# ##....#..@5.#...
###......###.... ........# ####
.$......# #...#..### ...##.#
.......


You could see Eustachio, a white imp (summoned) and a shadow imp (summoned).

Vanquished Creatures
  A wyvern (D:4)
  A black bear (D:4)
  The ghost of horus123 the Skirmisher, an amateur DsBe of Trog (D:3)
  A kobold brigand (Sewer)
  A scorpion (D:5)
  A jelly (D:4)
  Natasha (thrice) (D:2 D:1)
  A centaur skeleton (D:3)
  Jessica (D:2)
  2 iguanas
  A hound zombie (D:5)
  Robin (D:4)
  6 gnolls
  4 adders
  A shadow imp (D:5)
  2 white imps (D:5)
  3 worms
  5 orcs
  4 ball pythons
  5 bats
  9 endoplasms
  2 giant cockroaches
  13 goblins
  13 hobgoblins
  11 jackals
  11 kobolds
  2 quokkas
  5 frilled lizards
  9 rats
120 creatures vanquished.

Notes
Turn   | Place    | Note
-------+----------+-------------------------------------------
     0 | D:1      | jejorda2 the Vine Stalker Berserker began the quest for the
                  | Orb.
     0 | D:1      | Reached XP level 1. HP: 11/11 MP: 2/2
   342 | D:1      | Reached XP level 2. HP: 16/16 MP: 3/3
  1569 | D:2      | Reached XP level 3. HP: 19/20 MP: 4/4
  1569 | D:2      | Noticed Jessica
  1575 | D:2      | Killed Jessica
  1576 | D:2      | Noticed Natasha
  2237 | D:2      | Gained mutation: Your natural rate of healing is unusually
                  | fast. [Vine Stalker growth]
  2237 | D:2      | Reached XP level 4. HP: 17/24 MP: 2/5
  2326 | D:2      | Reached ** piety under Trog
  2374 | D:2      | Killed Natasha
  2509 | D:2      | Noticed Natasha
  2522 | D:2      | Killed Natasha
  2523 | D:2      | Reached XP level 5. HP: 19/29 MP: 3/6
  2686 | D:2      | Noticed Natasha
  2905 | D:1      | Killed Natasha
  3054 | D:3      | Found a transporter.
  3105 | D:3      | Found a large runed translucent door.
  3105 | D:3      | Found a large runed translucent door.
  3107 | D:3      | Noticed horus123's ghost (amateur DsBe)
  3108 | D:3      | Found a glowing drain.
  3121 | Sewer    | Entered a sewer
  3191 | Sewer    | Noticed a kobold brigand
  3400 | Sewer    | Killed a kobold brigand
  3401 | Sewer    | Reached XP level 6. HP: 26/33 MP: 4/7
  3433 | Sewer    | Found a white marble altar of Elyvilon.
  3743 | D:3      | Found a transporter.
  3982 | D:3      | Found a faded altar of an unknown god.
  4038 | D:3      | Killed horus123's ghost
  4076 | D:4      | Reached XP level 7. HP: 38/38 MP: 8/8
  4161 | D:4      | Reached *** piety under Trog
  4508 | D:4      | Noticed a wyvern
  4513 | D:4      | Noticed Robin
  4527 | D:4      | Killed a wyvern
  4528 | D:4      | Reached skill level 5 in Fighting
  4528 | D:4      | Reached skill level 5 in Short Blades
  4535 | D:4      | Killed Robin
  4808 | D:5      | Entered Level 5 of the Dungeon
  4911 | D:5      | Gained mutation: You have razor-sharp teeth. [Vine Stalker
                  | growth]
  4911 | D:5      | Reached XP level 8. HP: 43/43 MP: 6/9
  4978 | D:5      | Noticed Eustachio
  5017 | D:5      | HP: 2/44 [Eustachio (4)]
  5019 | D:5      | Killed from afar by a shadow imp

Illustrated notes

Levels and vault maps discovered:
D:1:      saegor_arrival_miasma, layout_basic, roderic_roman_lattice
D:2:      layout_basic, guppyfry_early_orc_mine, uniq_jessica, uniq_natasha
D:3:      gammafunk_wand_slinger, layout_basic, shapermc_ecumenical_altar_petra,
          ebering_ghost_disaster_area, cheibrodos_sewer_entry_sluice,
          st_stairs_6
D:4:      layout_rooms, uniq_robin
D:5:      layout_cave_pools, minmay_chambers_of_fives, uniq_eustachio

Skill      XL: |  1  2  3  4  5  6  7 |
---------------+----------------------+-----
Short Blades   | 3 4 5 |  5.5
Fighting       | 3 4 5 |  5.5
Armour         | 2 3 4 |  4.4
Dodging        | |  1.5

Action                   |  1- 3 |  4- 6 |  7- 9 || total
-------------------------+-------+-------+-------++-------
Melee: Short sword       |    36 |       |       ||    36
       Bite              |    28 |    72 |    36 ||   136
       Dagger            |    44 |   223 |   115 ||   382
Throw: Stone             |     1 |     8 |     6 ||    15
Invok: Berserk           |     3 |     4 |     3 ||    10
       Trog's Hand       |       |     3 |       ||     3
  Use: Scroll            |       |     4 |     4 ||     8
       Potion            |       |       |     1 ||     1
 Stab: Sleeping          |     1 |       |       ||     1
Armor: Animal skin       |     3 |       |       ||     3
       Leather armour    |     8 |       |       ||     8
       Ring mail         |       |    19 |       ||    19
       Scale mail        |       |    38 |       ||    38
       Plate armour      |       |    19 |    60 ||    79
Dodge: Dodged            |    37 |   105 |    39 ||   181
